 Dungeon Crawl Stone Soup version 0.30.1-11-g7821555f0a (webtiles) character file.

Game seed: 2681963565927644757

121 Kallu the Gusty (level 5, -8/31 HPs)
             Began as an Octopode Air Elementalist on Jan 3, 2024.
             Mangled by a river rat (10 damage)
             ... in a sewer.
             The game lasted 00:05:11 (2821 turns).

Kallu the Gusty (Octopode Air Elementalist)         Turns: 2821, Time: 00:05:12

Health: -8/31      AC:  1    Str:  7    XL:     5   Next: 5%
Magic:  6/9        EV: 13    Int: 20    God:
Gold:   115        SH:  0    Dex: 12    Spells: 2/10 levels left

rFire   . . .        q - +2 short sword (speed)
rCold   . . .        (no shield)
rNeg    . . .        (helmet restricted)
rPois   .            (no amulet)
rElec   .            (no ring)
rCorr   .            (no ring)
SInv    .            (no ring)
Will    .....        (no ring)
Stlth   ++++         (no ring)
HPRegen 0.25/turn    (no ring)
MPRegen 0.11/turn    (no ring)
                     (no ring)

%: no passive effects
@: swift
A: almost no armour, amphibious, 8 rings, camouflage 1, gelatinous body 1,
nimble swimmer 1, tentacles
a: no special abilities


You were in a sewer.
You visited 1 branch of the dungeon, and saw 3 of its levels.
You also visited: Sewer.

You collected 115 gold pieces.

Inventory:

Hand Weapons
 q - a +2 short sword of speed (weapon)
Scrolls
 b - a scroll of torment {unknown}
 e - 4 scrolls of identify {unknown}
 f - a scroll of vulnerability {unknown}
 i - a scroll of butterflies {unknown}
 k - a scroll of enchant weapon {unknown}
 l - a scroll of blinking {unknown}
 m - 5 scrolls of teleportation {unknown}
Potions
 a - 2 potions of magic
 c - a potion of brilliance {unknown}
 d - 3 potions of attraction {unknown}
 g - a potion of invisibility {unknown}
 j - a potion of haste {unknown}
 n - a potion of might {unknown}
 o - a potion of ambrosia {unknown}
 p - a potion of curing {unknown}
 r - 5 potions of flight


   Skills:
 - Level 2.0 Dodging
 - Level 2.6 Stealth
 - Level 3.1 Spellcasting
 - Level 1.0 Conjurations
 + Level 4.8 Air Magic


You had 2 spell levels left.
You knew the following spells:

 Your Spells              Type           Power      Damage    Failure   Level
a - Shock                 Conj/Air       56%        1d6       4%          1
b - Swiftness             Air            22%        N/A       6%          3
c - Airstrike             Air            11%        2d(2-18)  19%         4

Your spell library contained the following spells:

 Spells                   Type           Power      Damage    Failure   Level
 Static Discharge         Conj/Air       28%        2-4/arc   6%          2
 Cigotuvi's Dreadful Rot  Necr/Pois/Air  18%        N/A       11%         2
 Dispel Undead            Necr           3%         3d7       80%         4
 Death Channel            Necr           1%         N/A       100%        6


Dungeon Overview and Level Annotations

Branches:
Dungeon (3/15)              Sewer (1/1)

Altars:
Vehumet

Shops:
D:1 *


Innate Abilities, Weirdness & Mutations

You cannot wear most types of armour.
You are amphibious.
You can wear up to eight rings at the same time.
Your skin changes colour to match your surroundings (Stealth+).
Your rubbery body absorbs attacks. (AC +1, EV +1)
You are camouflaged when in or above water. (Stealth+)
You have tentacles for arms and can constrict up to eight enemies at once.


Message History

You kill the frilled lizard!
You can't see any susceptible monsters within range! (Use Z to cast anyway.)
You enter the shallow water.
You enter the shallow water.
You enter the shallow water.
You enter the shallow water.
You enter the shallow water.
You enter the deep water.
You enter the shallow water.
You open the large door. 4 river rats come into view.
Unknown command.
The zap hits the river rat.
The river rat is heavily wounded.
The zap hits the river rat.
The river rat is heavily wounded.
The zap hits the river rat.
The river rat is lightly wounded.
The river rat misses you. The river rat attacks as you move away!
The river rat bites you.
You enter the shallow water.
The river rat attacks as you move away! The river rat bites you.
The river rat attacks as you move away! The river rat bites you.
Casting: Shock (safe; 4% risk of failure)
Confirm with . or Enter, or press ? or * to list all spells.
The water foams!
You feel quick. The river rat bites you!
* * * LOW HITPOINT WARNING * * *
The river rat attacks as you move away! The river rat misses you.
The river rat attacks as you move away! The river rat barely misses you.
Press: ? - help, v - describe, . - travel
Here: a river rat (water, lightly wounded) Some deep water.
You enter the shallow water.
The river rat attacks as you move away! The river rat bites you!
* * * LOW HITPOINT WARNING * * *
The river rat attacks as you move away! The river rat closely misses you.
As you read the scroll labelled NEAPLEK BIATRA, it crumbles to dust.
You feel aware of your surroundings.
You sensed 2 shops/portals.
It was a scroll of magic mapping.
The river rat bites you!
You die...

###############################
#≈≈≈≈≈≈≈≈≈≈≈≈≈≈≈≈≈≈≈≈≈≈≈≈≈≈≈≈≈≈
#≈≈≈≈≈≈≈≈≈≈≈≈≈≈≈≈≈≈≈≈≈≈≈≈≈≈≈≈≈≈
#≈≈≈≈≈≈~.~~≈≈≈~~~~~~.~~~.~~~~~~
######~~~...~≈~################
###..~...##~≈~#
#......####.≈@################
##....### #~rr~~~.~~~.~~~~~~~~
#.......####.≈r≈≈≈≈≈≈≈≈≈≈≈≈≈≈≈≈
##.†......##~≈~~~~~~...~~~~.~~.
###.....###~≈r################
####### #~≈~# ###### ******
#.≈~# *....# *,,,,*
#÷≈~#####''#####++**
#.~~~~..r........,,,


You could see 4 river rats.

Vanquished Creatures
  5 adders
  A worm (D:3)
  3 dart slugs
  2 endoplasms (Sewer)
  5 giant cockroaches
  2 goblins
  4 hobgoblins
  8 jackals
  3 quokkas
  12 ball pythons
  13 bats
  5 frilled lizards
  A kobold (D:2)
  3 rats
67 creatures vanquished.

Notes
Turn   | Place    | Note
-------+----------+-------------------------------------------
     0 | D:1      | Kallu the Octopode Air Elementalist began the quest for the
                  | Orb.
     0 | D:1      | Reached XP level 1. HP: 11/11 MP: 3/3
   702 | D:1      | Found Liniffiv's Assorted Antiques.
   751 | D:2      | Reached XP level 2. HP: 17/17 MP: 0/5
  1155 | D:2      | Reached XP level 3. HP: 15/21 MP: 1/7
  1595 | D:2      | Reached skill level 4 in Air Magic
  1595 | D:2      | Reached XP level 4. HP: 18/27 MP: 8/8
  1773 | D:2      | Learned a level 3 spell: Swiftness
  1778 | D:2      | Learned a level 4 spell: Airstrike
  2008 | D:3      | Found a radiant altar of Vehumet.
  2139 | D:3      | Found a glowing drain.
  2190 | Sewer    | Entered a sewer
  2643 | Sewer    | Reached XP level 5. HP: 31/31 MP: 6/9
  2820 | Sewer    | HP: 1/31 [river rat (7)]
  2821 | Sewer    | Mangled by a river rat

Illustrated notes

Levels and vault maps discovered:
D:1:      zelgadis_glass_arrival_small, layout_loops_cross, serial_shops,
          nicolae_shop_back_alley_shop
D:2:      layout_basic
D:3:      layout_rooms, lemuel_doored_altar, portal_sewer_entry_d
Sewer:    sewer_fruit_machine

Skill      XL: |  1  2  3 |
---------------+----------+-----
Spellcasting   | 3 |  3.1
Air Magic      | 4 |  4.8
Dodging        | |  2.0
Stealth        | |  2.6
Conjurations   | |  1.0

Action                     |  1- 3 |  4- 6 || total
---------------------------+-------+-------++-------
  Melee: Unarmed           |    38 |    23 ||    61
         Constrict         |    12 |     9 ||    21
         Tentacles         |     8 |     8 ||    16
         Short sword       |       |     4 ||     4
         Punch             |       |     1 ||     1
   Fire: Sling             |     3 |       ||     3
   Cast: Shock             |    39 |    71 ||   110
         Swiftness         |       |     1 ||     1
    Use: Scroll            |       |     1 ||     1
   Stab: Sleeping          |     1 |       ||     1
 Armour: Skin              |     6 |     5 ||    11
  Dodge: Dodged            |    25 |    35 ||    60
